 Dungeon Crawl Stone Soup version 0.17.0-26-gececa24 (console) character file.

63 jw the Cutter (level 4, 31/31 HPs)
             Began as an Octopode Berserker on Nov 20, 2015.
             Was a Believer of Trog.
             Quit the game on level 2 of the Dungeon.
             The game lasted 00:11:51 (2067 turns).

jw the Cutter (Octopode Berserker)                  Turns: 2067, Time: 00:11:51

Health: 31/31      AC:  1    Str: 21    XL:     4   Next: 10%
Magic:  4/4        EV: 13    Int:  9    God:    Trog [**....]
Gold:   73         SH:  0    Dex: 12    Spells: 0 memorised, 3 levels left

rFire  + . .     SeeInvis .     a - +0 short sword
rCold  + . .     Clarity  .     (no shield)
rNeg   . . .     SustAt   .     (helmet restricted)
rPois  +         Gourm    .     (no amulet)
rElec  +         Spirit   .     (no ring)
rCorr  +         Warding  .     (no ring)
rMut   .         Stasis   .     (no ring)
MR     .....                    (no ring)
Stlth  +++.......               (no ring)
                                (no ring)
                                (no ring)
                                (no ring)

@: mighty, resistant, not resistant to hostile enchantments, fairly stealthy
A: almost no armour, amphibious, 8 rings, constrict 8, camouflage 1, gelatinous
body 1
a: Berserk, Trog's Hand, Burn Spellbooks, Renounce Religion


You were on level 2 of the Dungeon.
You worshipped Trog.
Trog was pleased with you.
You were hungry.

You visited 1 branch of the dungeon, and saw 2 of its levels.

You collected 73 gold pieces.

Inventory:

Hand Weapons
 a - a +0 short sword (weapon)
Missiles
 c - 26 stones (quivered)
Wands
 e - a wand of magic darts (21)
Potions
 f - a potion of lignification
Comestibles
 b - a bread ration
 d - 3 fruits


   Skills:
 + Level 3.3 Fighting
 * Level 3.4 Short Blades
 + Level 1.0 Throwing
 + Level 3.3 Dodging
 * Level 3.0 Stealth


You had 3 spell levels left.
You didn't know any spells.

Dungeon Overview and Level Annotations

Branches:
Dungeon (2/15)

Altars:


Innate Abilities, Weirdness & Mutations

You cannot wear most types of armour.
You are amphibious.
You can wear up to eight rings at the same time.
You can use your tentacles to constrict eight enemies at once.
Your skin changes colour to match your surroundings (Stealth).
Your rubbery body absorbs attacks (AC +1).


Message History

IGNORING rat.
Search for what [Enter for "@corpse$&&!!rott&&!!skel&&!!inedible&&!!mutagenic&&!!forbidden", or ? for help]? @corpse$&&!!rott&&!!skel&&!!inedible&&!!mutagenic&&!!forbidden Can't find anything matching that.
Okay, then.
Search for what [Enter for "@corpse$&&!!rott&&!!skel&&!!inedible&&!!mutagenic&&!!forbidden", or ? for help]? @corpse$&&!!rott&&!!skel&&!!inedible&&!!mutagenic&&!!forbidden Can't find anything matching that.
Okay, then.
UNIGNORING rat.
IGNORING rat.
Search for what [Enter for "@corpse$&&!!rott&&!!skel&&!!inedible&&!!mutagenic&&!!forbidden", or ? for help]? @corpse$&&!!rott&&!!skel&&!!inedible&&!!mutagenic&&!!forbidden Can't find anything matching that.
Okay, then.
UNIGNORING rat.
IGNORING rat.
Search for what [Enter for "@corpse$&&!!rott&&!!skel&&!!inedible&&!!mutagenic&&!!forbidden", or ? for help]? @corpse$&&!!rott&&!!skel&&!!inedible&&!!mutagenic&&!!forbidden Can't find anything matching that.
Okay, then.
UNIGNORING rat.
Infinite lua loop detected, aborting.
Are you sure you want to abandon this character and quit the game? (Confirm with "yes".)

#(..............#.....
##.#..#..#..#..#.......
#....#..#..#..#......#.
#...#..#..#..#...#.#...
#..#..#..#..#r.#.#.##..
#....#..#..#..#..#.####
#.##............##.#
#....##.#####...##.####
####..x.# #..........
#.#### #)####.####
###.# #.......# # #...#
#.####..# # #.### #.#
#..# # #.# #.# #..###
#.# #.# ##.##. #.# #.#
#.#.. #.# #.# #....


You could see a rat.

Table legend:
 A = Turns spent in this place as a percentage of turns spent in the entire game.
 B = Non-inter-level travel turns spent in this place as a percentage of non-inter-level travel turns spent in the entire game.
 C = Inter-level travel turns spent in this place as a percentage of turns spent in this place.
 D = Turns resting spent in this place as a percentage of non-inter-level travel turns spent in this place.
 E = Turns spent auto-exploring this place as a percentage of non-inter-level travel turns spent in this place.
 F = Non-inter-level travel turns spent in this place divided by the number of levels of this place that you've seen.
                   A       B       C       D       E      F
               +-------+-------+-------+-------+-------+----------------------
         Total | 100.0 | 100.0 |   0.1 |   0.4 |   2.2 | 3007.0
       Dungeon | 100.0 | 100.0 |   0.1 |   0.4 |   2.2 | 3007.0
               +-------+-------+-------+-------+-------+----------------------

Table legend:
 A = Kills in this place as a percentage of kills in entire the game.
 B = Kills by you in this place as a percentage of kills by you in the entire game.
 C = Kills by friends in this place as a percentage of kills by friends in the entire game.
 D = Other kills in this place as a percentage of other kills in the entire game.
 E = Experience gained in this place as a percentage of experience gained in the entire game.
 F = Experience gained in this place divided by the number of levels of this place that you have seen.
                   A       B       C       D       E      F
               +-------+-------+-------+-------+-------+----------------------
         Total | 100.0 | 100.0 |  -nan |  -nan | 100.0 |  45.5
       Dungeon | 100.0 | 100.0 |  -nan |  -nan | 100.0 |  45.5
               +-------+-------+-------+-------+-------+----------------------

Vanquished Creatures
  An adder (D:2)
  An ooze (D:2)
  2 worms (D:2)
  6 bats
  4 goblins
  5 hobgoblins
  3 kobolds
  2 ball pythons
  4 giant cockroaches
  5 giant geckos
  A giant newt (D:1)
  3 rats
37 creatures vanquished.

Notes
Turn   | Place    | Note
--------------------------------------------------------------
     0 | D:1      | jw the Octopode Berserker began the quest for the Orb.
     0 | D:1      | Reached XP level 1. HP: 16/16 MP: 1/1
   112 | D:1      | Reached skill level 1 in Stealth
   176 | D:1      | Reached XP level 2. HP: 21/21 MP: 2/2
  1078 | D:2      | Reached XP level 3. HP: 22/26 MP: 3/3
  1176 | D:2      | Reached ** piety under Trog
  1800 | D:2      | Reached skill level 1 in Throwing
  1823 | D:2      | Reached XP level 4. HP: 31/31 MP: 4/4
  2067 | D:2      | Quit the game

Action                   |  1- 3 |  4- 6 || total
-------------------------+-------+-------++-------
Melee: Short sword       |    69 |     5 ||    74
Throw: Stone             |    41 |     2 ||    43
Evoke: Wand              |     2 |       ||     2
  Use: Scroll            |     1 |     5 ||     6
       Potion            |     1 |     4 ||     5
 Stab: Sleeping          |    11 |     1 ||    12
  Eat: Chunk             |     3 |       ||     3

Vault maps used:
D:1:      mrwooster_arrival_arrow, corexii_leaking_fountain, hex_intersection
D:2:      minmay_misc_feat_diagonals
